 Dungeon Crawl Stone Soup version 0.20.0 (webtiles) character file.

67 Eucla the Slasher (level 4, -6/38 HPs)
             Began as a Barachi Monk on May 31, 2017.
             Mangled by Terence
             ... wielding a +2 short sword of electrocution
              (10 damage)
             ... on level 2 of the Dungeon.
             The game lasted 00:01:38 (1255 turns).

Eucla the Slasher (Barachi Monk)                    Turns: 1255, Time: 00:01:39

Health: -6/38      AC:  6    Str: 13    XL:     4   Next: 16%
Magic:  4/4        EV: 10    Int: 11    God:
Gold:   43         SH:  0    Dex: 14    Spells: 3/3 levels left

rFire    . . .     SeeInvis .   a - +0 falchion
rCold    . . .     Gourm    .   (no shield)
rNeg     . . .     Faith    .   e - +0 scale mail
rPois    .         Spirit   .   (no helmet)
rElec    .         Reflect  .   (no cloak)
rCorr    .         Harm     .   (no gloves)
MR       .....                  (no boots)
Stlth    +.........             (no amulet)
Regen    0.2/turn               (no ring)
MPRegen  0.1/turn               (no ring)

@: slow
A: +LOS, swims, slowness 1, strong legs 1
a: Hop


You were on level 2 of the Dungeon.
You were hungry.

You visited 1 branch of the dungeon, and saw 2 of its levels.

You collected 43 gold pieces.

Inventory:

Hand Weapons
 a - a +0 falchion (weapon)
Armour
 b - a +0 robe
 e - a +0 scale mail (worn)
Jewellery
 k - an uncursed ring of ice {unknown}
Scrolls
 d - 3 scrolls of recharging {unknown}
 f - a scroll of teleportation {unknown}
 g - 3 scrolls of amnesia {unknown}
 h - a scroll of blinking {unknown}
 j - a scroll of remove curse {unknown}
Potions
 i - a potion of cancellation {unknown}
 l - a potion of curing {unknown}
Comestibles
 c - a bread ration


   Skills:
 + Level 4.4 Fighting
 * Level 5.0 Long Blades
 + Level 3.7 Dodging
 - Level 1.7 Stealth


You had 3 spell levels left.
You didn't know any spells.

Dungeon Overview and Level Annotations

Branches:
Dungeon (2/15)

Altars:
Fedhas

Annotations:
D:2 exclusion: oklob plant, Terence


Innate Abilities, Weirdness & Mutations

Shadows flee at your approach. (+LOS)
You can swim through water.
You cover ground slowly.
You can hop short distances.


Message History

Terence says, "Time to say good-bye..."
Terence closely misses you.
Terence hits you with a short sword of electrocution.
You are electrocuted!
* * * LOW HITPOINT WARNING * * *
Terence hits you but does no damage.
Terence hits you with a short sword of electrocution.
* * * LOW HITPOINT WARNING * * *
There is a stone staircase leading down, spattered with blood here.
Terence hits you but does no damage.
Found a stone staircase leading down.
Terence hits you with a short sword of electrocution.
* * * LOW HITPOINT WARNING * * *
There is a stone staircase leading down here.
Terence hits you with a short sword of electrocution.
* * * LOW HITPOINT WARNING * * *
Terence hits you but does no damage.
Found 10 gold pieces.
Terence hits you but does no damage.
You are electrocuted!
You die...

## #. #. #.#### P
##....# P
####..@#.#####$##
P
+......@.........
P
####...#.#######
PP ##.##.#


P.P ## #.# ##PP #.# #.♣. #+# #.# #PPP #.# #.# #PP♣ #####.############.# #PPP You
could see Terence.

Vanquished Creatures
  2 adders (D:2)
  An ooze (D:2)
  A dart slug (D:1)
  3 leopard geckos
  A ball python (D:1)
  3 bats
  A giant cockroach (D:1)
  2 goblins
  7 hobgoblins
  4 jackals (D:1)
  3 quokkas (D:2)
  3 frilled lizards
  6 kobolds
  A rat (D:1)
38 creatures vanquished.

Notes
Turn   | Place    | Note
-------+----------+-------------------------------------------
     0 | D:1      | Eucla the Barachi Monk began the quest for the Orb.
     0 | D:1      | Reached XP level 1. HP: 18/18 MP: 1/1
   176 | D:1      | Reached skill level 4 in Long Blades
   176 | D:1      | Reached XP level 2. HP: 22/25 MP: 2/2
   536 | D:2      | Reached XP level 3. HP: 30/30 MP: 3/3
   752 | D:2      | Found a blossoming altar of Fedhas.
   768 | D:2      | Noticed an oklob plant
  1192 | D:2      | Reached XP level 4. HP: 35/38 MP: 4/4
  1205 | D:2      | Reached skill level 5 in Long Blades
  1214 | D:2      | Noticed Terence
  1255 | D:2      | Mangled by Terence

Skill      XL: |  1  2  3  4 |
---------------+-------------+-----
Long Blades    | 4 5 |  5.0
Fighting       | 4 |  4.4
Dodging        | |  3.7
Stealth        | |  1.7

Action                   |  1- 3 |  4- 6 || total
-------------------------+-------+-------++-------
Melee: Falchion          |   124 |     9 ||   133
 Stab: Sleeping          |     1 |       ||     1
  Eat: Chunk             |     1 |       ||     1
Armor: Scale mail        |    56 |     9 ||    65
       Robe              |     1 |       ||     1
Dodge: Dodged            |    68 |     4 ||    72
       Rpst.: Falchion   |    23 |     1 ||    24
